 Dungeon Crawl Stone Soup version 0.20-b1-24-gb21faa7 (webtiles) character file.

2202 miragecloak the Martial Artist (level 9, 0/63 HPs)
             Began as an Octopode Transmuter on May 25, 2017.
             Was a Follower of Ashenzari.
             Slain by an orc wizard
             ... wielding a +2 dagger of electrocution
              (19 damage)
             ... on level 8 of the Dungeon.
             The game lasted 00:14:21 (10579 turns).

miragecloak the Martial Artist (OpTm)              Turns: 10579, Time: 00:14:22

Health: 0/63       AC:  6    Str: 14    XL:     9   Next: 34%
Magic:  9/12       EV: 10    Int: 15    God:    Ashenzari [*.....]
Gold:   250        SH:  0    Dex: 15    Spells: 4/12 levels left

rFire    x . .     SeeInvis .     - Unarmed
rCold    + + +     Gourm    .   (shield currently unavailable)
rNeg     + . .     Faith    .   (helmet currently unavailable)
rPois    +         Spirit   .   (no amulet)
rElec    .         Reflect  .   l - +4 ring of strength (curse)
rCorr    +         Harm     .   c - ring of positive energy (curse)
MR       .....                  n - ring of poison resistance (curse)
Stlth    +.........             p - ring of resist corrosion (curse)
Regen    0.2/turn               (no ring)
MPRegen  0.2/turn               (no ring)
                                (no ring)
                                (no ring)

@: ice-form
A: almost no armour, stealthy swim, amphibious, 8 rings, (constrict 8)
a: End Transformation, Curse Item, Scrying, Renounce Religion


You were on level 8 of the Dungeon.
You worshipped Ashenzari.
Ashenzari was aware of your devotion.
You were not hungry.
You were a creature of crystalline ice.
You visited 2 branches of the dungeon, and saw 9 of its levels.
You also visited: Sewer.

You collected 250 gold pieces.

Inventory:

Missiles
 a - 66 arrows
Jewellery
 c - a cursed ring of positive energy (right front paw)
 d - an uncursed ring of ice
 l - a cursed +4 ring of strength (left front paw)
 n - a cursed ring of poison resistance (on tentacle)
 p - a cursed ring of resist corrosion (on tentacle)
 y - an uncursed amulet of guardian spirit
Wands
 x - a wand of flame (34/48)
 z - a wand of enslavement (12/24)
 B - a wand of polymorph (8/24)
Scrolls
 f - 3 scrolls of recharging {unknown}
 g - a scroll of fog {unknown}
 h - 9 scrolls of identify {unknown}
 i - 3 scrolls of blinking {unknown}
 q - a scroll of enchant weapon {unknown}
 r - 3 scrolls of amnesia {unknown}
 s - 3 scrolls of teleportation {unknown}
 v - a scroll of fear {unknown}
 w - 3 scrolls of magic mapping {unknown}
 C - a scroll of enchant armour {unknown}
Potions
 e - a potion of berserk rage {unknown}
 j - 3 potions of magic {unknown}
 k - 3 potions of haste {unknown}
 m - 2 potions of flight {unknown}
 o - a potion of agility {unknown}
 t - 3 potions of curing {unknown}
 u - a potion of brilliance {unknown}
Books
 b - a book of Changes

   Spells                             Type                      Level
   a - Beastly Appendage              Transmutation                1
   b - Sticks to Snakes               Transmutation                2
   c - Spider Form                    Transmutation/Poison         3
   d - Ice Form                       Ice/Transmutation            4
   e - Blade Hands                    Transmutation                5
Comestibles
 D - a bread ration


   Skills:
 - Level 1.0 Fighting
 - Level 2.0 Dodging
 - Level 9.0 Unarmed Combat
 - Level 2.0 Spellcasting
 + Level 7.7 Transmutations
 - Level 3.0 Ice Magic
 - Level 3.4 Poison Magic


You had 4 spell levels left.
You knew the following spells:

 Your Spells              Type           Power        Failure   Level  Hunger
a - Beastly Appendage     Tmut           ###...       1%          1    #......
b - Spider Form           Tmut/Pois      ###.......   7%          3    ###....
c - Ice Form              Ice/Tmut       ###.....     24%         4    #####..


Dungeon Overview and Level Annotations

Branches:
Dungeon (8/15)             Temple (1/1) D:5
   Lair: D:8-11

Altars:
Ashenzari
Cheibriados
Dithmenos
Elyvilon
Fedhas
Gozag
Hepliaklqana
Kikubaaqudgha
Makhleb
Nemelex Xobeh
Okawaru
Qazlal
Sif Muna
Uskayaw
Vehumet
Xom
Yredelemnul
Zin
The Shining One
Lugonu

Shops:
D:4 =   D:6 [

Annotations:
D:5 Dowan, Duvessa


Innate Abilities, Weirdness & Mutations

You cannot wear most types of armour.
You are very stealthy in the water. (Stealth+)
You are amphibious.
You can wear up to eight rings at the same time.
((You can use your tentacles to constrict eight enemies at once.))
((Your skin changes colour to match your surroundings (Stealth+).))
((Your rubbery body absorbs attacks. (AC +1, EV +1)))


Message History

You kill the orc!
Something hits you. The orc hits you but does no damage.
You punch the orc! You freeze the orc.
You kill the orc!
You hear some strange, mumbled words.
A puff of flame appears from out of thin air!
The puff of flame hits you! The fire burns you terribly!
No target in view!
No target in view!
No target in view!
No target in view!
No target in view!
No target in view!
No target in view!
No target in view!
You barely miss something. You barely miss something. Something hits you.
You are electrocuted!
You completely miss something. Something hits you but does no damage.
You are electrocuted!
You die...

.#...#.#..
......#.
###..#...
#....... #
#.#..#.######.#.
#..>............
#(.)).........
##..###{##.###+
.......)Y.......
#....(....)##....
........^....# ..
##...........#
#...........#
#...........#
########... ....
....#


There were no monsters in sight!

Vanquished Creatures
  Sigmund (D:6)
  2 ice beasts
  An orc warrior (D:7)
  A phantom (D:3)
  An ogre (D:4)
  A necrophage (D:7)
  3 centaurs
  4 bullfrogs (D:6)
  A scorpion (D:4)
  A howler monkey (D:7)
  A centaur zombie (D:6)
  2 crimson imps
  2 jellies
  8 hounds
  A bullfrog skeleton (D:5)
  3 iguanas
  2 orc wizards
  3 worker ants
  A hound skeleton (D:3)
  A howler monkey skeleton (D:4)
  A howler monkey zombie (D:7)
  4 gnolls (D:3)
  5 adders
  2 river rats
  A shadow imp (D:6)
  An adder skeleton (D:8)
  3 worms
  A dart slug (D:1)
  5 leopard geckos
  22 orcs
  6 ball pythons
  6 giant cockroaches
  A goblin (D:1)
  4 hobgoblins
  12 jackals
  23 kobolds
  4 quokkas
  6 bats
  8 frilled lizards
  A leopard gecko zombie (D:7)
  13 rats
169 creatures vanquished.

Notes
Turn   | Place    | Note
-------+----------+-------------------------------------------
     0 | D:1      | miragecloak the Octopode Transmuter began the quest for the Orb.
     0 | D:1      | Reached XP level 1. HP: 13/13 MP: 3/3
   269 | D:1      | Reached XP level 2. HP: 6/18 MP: 5/5
  1245 | D:2      | Reached XP level 3. HP: 23/23 MP: 4/6
  1253 | D:2      | Learned a level 3 spell: Spider Form
  1328 | D:2      | Found a hazy altar of Hepliaklqana.
  1329 | D:2      | Found a shimmering altar of Xom.
  1329 | D:2      | Noticed a tentacled monstrosity
  1331 | D:2      | Noticed a tentacled monstrosity
  1331 | D:2      | Noticed a spectral ugly thing
  1636 | D:2      | Reached skill level 1 in Poison Magic
  2206 | D:3      | Reached XP level 4. HP: 28/28 MP: 3/7
  2388 | D:3      | Found a shimmering altar of Xom.
  2463 | D:3      | Found a glowing silver altar of Zin.
  2982 | D:3      | Noticed a phantom
  3248 | D:4      | Reached XP level 5. HP: 28/33 MP: 4/8
  3623 | D:4      | Reached XP level 6. HP: 18/38 MP: 5/9
  4148 | D:4      | Found Seoneorod's Jewellery Shoppe.
  4347 | D:4      | Reached skill level 4 in Unarmed Combat
  4519 | D:5      | Entered Level 5 of the Dungeon
  4521 | D:5      | Noticed an ice beast
  4527 | D:5      | Found a staircase to the Ecumenical Temple.
  4537 | Temple   | Entered the Ecumenical Temple
  4569 | Temple   | Became a worshipper of Ashenzari the Shackled
  4704 | D:5      | Found a basalt altar of Yredelemnul.
  4779 | D:5      | Reached skill level 5 in Unarmed Combat
  4867 | D:5      | Reached XP level 7. HP: 7/43 MP: 5/10
  5181 | D:5      | Reached skill level 6 in Unarmed Combat
  6536 | D:3      | Reached skill level 7 in Unarmed Combat
  6765 | D:5      | Found a glowing golden altar of the Shining One.
  6896 | D:5      | Reached XP level 8. HP: 45/48 MP: 7/11
  7031 | D:5      | Noticed Dowan
  7034 | D:5      | Noticed Duvessa
  7144 | Temple   | Reached skill level 8 in Unarmed Combat
  7442 | D:6      | Found Ycoru's Antique Armour Shop.
  7746 | D:6      | Reached skill level 9 in Unarmed Combat
  7777 | D:6      | Learned a level 4 spell: Ice Form
  7876 | D:6      | Found a glowing drain.
  7880 | Sewer    | Entered a sewer
  8196 | D:6      | Reached skill level 5 in Transmutations
  8209 | D:6      | Found an opulent altar of Gozag.
  8348 | D:6      | Reached skill level 1 in Ice Magic
  8630 | D:6      | Found an ancient bone altar of Kikubaaqudgha.
  8802 | D:6      | Reached XP level 9. HP: 38/53 MP: 8/12
  9079 | D:6      | Noticed Sigmund
  9091 | D:6      | Killed Sigmund
  9350 | D:6      | Found a snail-covered altar of Cheibriados.
  9362 | D:6      | Found a blossoming altar of Fedhas.
  9549 | D:6      | Found a deep blue altar of Sif Muna.
  9782 | D:7      | Reached * piety under Ashenzari
 10214 | D:7      | Found a burning altar of Makhleb.
 10299 | D:7      | Found a shadowy altar of Dithmenos.
 10579 | D:8      | Slain by an orc wizard

Skill      XL: |  1  2  3  4  5  6  7  8  9 |
---------------+----------------------------+-----
Transmutations | 3 4 6 7 |  7.7
Poison Magic   | 1 2 3 |  3.4
Unarmed Combat | 5 7 9 |  9.0
Ice Magic      | 3 |  3.0
Fighting       | |  1.0
Dodging        | |  2.0
Spellcasting   | |  2.0

Action                   |  1- 3 |  4- 6 |  7- 9 || total
-------------------------+-------+-------+-------++-------
Melee: Unarmed           |   109 |    93 |   272 ||   474
       Constrict         |    22 |     4 |    11 ||    37
       Kick              |    14 |       |     3 ||    17
       Tentacles         |     9 |     7 |    11 ||    27
       Punch             |     1 |     1 |     2 ||     4
 Cast: Beastly Appendage |    19 |       |     7 ||    26
       Spider Form       |    10 |    17 |    43 ||    70
       Ice Form          |       |       |     7 ||     7
Invok: Curse Item        |       |     2 |     2 ||     4
 Stab: Sleeping          |     8 |     1 |     8 ||    17
       Distracted        |       |       |     1 ||     1
  Eat: Chunk             |     5 |     6 |    20 ||    31
       Bread ration      |       |     1 |       ||     1
       Fruit             |       |     1 |       ||     1
       Royal jelly       |       |       |     3 ||     3
Armor: Skin              |    15 |     1 |    18 ||    34
Dodge: Dodged            |   103 |    76 |   202 ||   381
